 Dungeon Crawl Stone Soup version 0.19.1 (webtiles) character file.

4 M4edhros the Grave Robber (level 1, -2/11 HPs)
             Began as an Octopode Necromancer on Dec 23, 2016.
             Killed by nerve-wracking pain
             ... invoked by Grinder
              (10 damage)
             ... on level 4 of the Dungeon.
             The game lasted 00:00:52 (183 turns).

M4edhros the Grave Robber (Octopode Necromancer)     Turns: 183, Time: 00:00:53

Health: -2/11      AC:  1    Str:  7    XL:     1   Next: 60%
Magic:  3/3        EV: 13    Int: 17    God:
Gold:   33         SH:  0    Dex: 12    Spells: 2 memorised, 2 levels left

rFire  . . .     SeeInvis .       - Unarmed
rCold  . . .     Gourm    .     (no shield)
rNeg   . . .     Faith    .     (helmet restricted)
rPois  .         Spirit   .     (no amulet)
rElec  .         Reflect  .     (no ring)
rCorr  .         Harm     .     (no ring)
MR     .....                    (no ring)
Stlth  +++.......               (no ring)
                                (no ring)
                                (no ring)
                                (no ring)
                                (no ring)

@: no status effects
A: almost no armour, stealthy swim, amphibious, 8 rings, constrict 8, camouflage
1, gelatinous body 1
a: no special abilities


You were on level 4 of the Dungeon.
You were not hungry.

You visited 1 branch of the dungeon, and saw 4 of its levels.

You collected 33 gold pieces.

Inventory:

Scrolls
 c - a scroll of teleportation {unknown}
 d - a scroll of immolation {unknown}
 f - a scroll of noise {unknown}
 g - a scroll of identify {unknown}
Books
 a - a book of Necromancy

   Spells                             Type                      Level
   a - Pain                           Necromancy                   1
   b - Animate Skeleton               Necromancy                   1
   c - Vampiric Draining              Necromancy                   3
   d - Regeneration                   Charms/Necromancy            3
   e - Animate Dead                   Necromancy                   4
   f - Control Undead                 Necromancy                   4
 e - a book of Misfortune

   Spells                             Type                      Level
   a - Confusing Touch                Hexes                        1
   b - Confuse                        Hexes                        3
   c - Gell's Gravitas                Hexes/Translocation          3
   d - Petrify                        Transmutation/Earth          4
   e - Metabolic Englaciation         Hexes/Ice                    5
   f - Yara's Violent Unravelling     Hexes/Transmutation          5
Comestibles
 b - 2 bread rations


   Skills:
 - Level 2.0 Dodging
 - Level 2.6 Stealth
 + Level 1.1 Unarmed Combat
 - Level 2.0 Spellcasting
 - Level 4.0 Necromancy


You had 2 spell levels left.
You knew the following spells:

 Your Spells              Type           Power        Failure   Level  Hunger
a - Pain                  Necr           ###.         3%          1    #......
b - Confusing Touch       Hex            #.....       21%         1    #......


Dungeon Overview and Level Annotations

Branches:
Dungeon (4/15)
 Temple: D:4-7

Altars:

Annotations:
D:4 Grinder


Innate Abilities, Weirdness & Mutations

You cannot wear most types of armour.
You are very stealthy in the water. (Stealth+)
You are amphibious.
You can wear up to eight rings at the same time.
You can use your tentacles to constrict eight enemies at once.
Your skin changes colour to match your surroundings (Stealth+).
Your rubbery body absorbs attacks. (AC +1, EV +1)


Message History

An orc comes into view. It is wielding a flail.
The orc wizard shouts!
You aren't carrying any potions.
Your magical contamination has completely faded away.
There is a stone staircase leading down here.
You climb downwards.
An iguana and Grinder come into view.
Found a cloak and 11 gold pieces.
There is a stone staircase leading up here.
A quokka comes into view.
You see here a cloak.
Grinder shouts!
The iguana hisses angrily.
You aren't carrying any potions.
Grinder blinks!
Okay, then.
Found a stone staircase leading up.
Grinder gestures at you. Pain shoots through your body!
Ouch! That really hurt!
You die...

$.#. .# #.#. .#
###.r.####.####
#.....ยง.... ..#
r.........# #.##
#.........###..#####
#.........l.#.@....#
........<.#.#......#
#......[..#.5......#
#.....$...##.......#
#.........###......#
########### #......#
########


You could see Grinder.

Vanquished Creatures
  A bat (D:1)
  A ball python (D:1)
  A frilled lizard (D:3)
  2 rats
5 creatures vanquished.

Notes
Turn   | Place    | Note
-------+----------+-------------------------------------------
     0 | D:1      | M4edhros the Octopode Necromancer began the quest for the Orb.
     0 | D:1      | Reached XP level 1. HP: 11/11 MP: 3/3
    70 | D:3      | Reached skill level 1 in Unarmed Combat
    86 | D:3      | Learned a level 1 spell: Confusing Touch
   157 | D:3      | Noticed an orc priest
   157 | D:3      | Noticed an orc wizard
   157 | D:3      | Noticed an orc wizard
   173 | D:4      | Noticed Grinder
   173 | D:4      | Noticed an iguana
   183 | D:4      | Killed from afar by Grinder

Skill      XL: |  1 |
---------------+----+-----
Unarmed Combat | 1 |  1.1
Dodging        | |  2.0
Stealth        | |  2.6
Spellcasting   | |  2.0
Necromancy     | |  4.0

Action                   || total
-------------------------++-------
Melee: Unarmed           ||     2
       Constrict         ||     2
       Punch             ||     1
       Tentacles         ||     1
 Cast: Pain              ||     7
